 Dungeon Crawl Stone Soup version 0.24-a0-525-g9231cdcba1 (webtiles) character file.

Game seed: 1657683644332378919

2982 GordonOverkill the Firebug (level 9, -7/74 HPs)
             Began as a Pale Draconian Fire Elementalist on Aug 3, 2019.
             Was a Follower of Sif Muna.
             Hit by a large rock thrown by a cyclops (30 damage)
             ... on level 7 of the Dungeon.
             The game lasted 00:19:18 (8547 turns).

GordonOverkill the Firebug (DrFE)                   Turns: 8547, Time: 00:19:19

Health: -7/74      AC:  7    Str: 10    XL:     9   Next: 53%
Magic:  5/17       EV: 12    Int: 18    God:    Sif Muna [*.....]
Gold:   306        SH:  8    Dex: 13    Spells: 11/19 levels left

rFire    . . .     SeeInvis .   x - +5 flail (holy)
rCold    . . .     Gourm    .   t - +3 buckler
rNeg     + . .     Faith    .   (armour unavailable)
rPois    .         Spirit   .   (helmet restricted)
rElec    .         Reflect  .   (no cloak)
rCorr    .         Harm     .   (no gloves)
MR       .....                  (no boots)
Stlth    ++........             (no amulet)
HPRegen  0.22/turn              p - ring of positive energy
MPRegen  0.15/turn              (no ring)

@: lethally poisoned (-7 -> -7)
A: breathe steam, unfitting armour, cold-blooded, AC +7
a: Breathe Steam, Channel Magic, Renounce Religion


You were on level 7 of the Dungeon.
You worshipped Sif Muna.
Sif Muna was aware of your devotion.
You were near starving.

You visited 2 branches of the dungeon, and saw 8 of its levels.

You collected 306 gold pieces.

Inventory:

Hand Weapons
 c - a +2 flail of crushing
 f - a +3 dagger
 q - a +0 whip of venom
 x - a +5 flail of holy wrath (weapon)
Missiles
 d - 11 boomerangs (quivered)
 r - 85 stones
Armour
 t - a +3 buckler (worn)
Jewellery
 p - a ring of positive energy (left hand)
Scrolls
 i - 6 scrolls of teleportation
 o - 2 scrolls of amnesia
 w - 2 scrolls of remove curse
Potions
 a - 2 potions of brilliance
 e - a potion of mutation
 h - a potion of resistance
 k - 4 potions of curing
 l - a potion of magic
 m - 2 potions of flight
 n - 4 potions of heal wounds {unknown}
 s - a potion of degeneration {unknown}
 u - 2 potions of lignification {unknown}
 v - a potion of berserk rage {unknown}
 A - 2 potions of haste {unknown}
Comestibles
 b - 11 rations


   Skills:
 - Level 5.0 Fighting
 - Level 2.0 Dodging
 - Level 2.0 Stealth
 - Level 6.0 Shields
 + Level 5.5 Spellcasting
 + Level 5.6 Conjurations
 + Level 6.6 Fire Magic
 + Level 4.9 Invocations


You had 11 spell levels left.
You knew the following spells:

 Your Spells              Type           Power        Failure   Level  Hunger
a - Flame Tongue          Conj/Fire      ####.        1%          1    None
b - Conjure Flame         Conj/Fire      ####....     3%          3    ##.....
c - Sticky Flame          Conj/Fire      ####....     10%         4    ####...

Your spell library contained the following spells:

 Spells                   Type           Power        Failure   Level  Hunger
 Magic Dart               Conj           ####         1%          1    None
 Throw Flame              Conj/Fire      ####..       1%          2    #......
 Inner Flame              Hex/Fire       ###.....     10%         3    ##.....
 Mephitic Cloud           Conj/Pois/Air  ##......     17%         3    ##.....
 Blink                    Tloc           N/A          19%         2    #......
 Call Imp                 Summ           #.......     19%         2    #......
 Slow                     Hex            #.......     19%         2    #......
 Fireball                 Conj/Fire      ####......   28%         5    ######.


Dungeon Overview and Level Annotations

Branches:
Dungeon (7/15)             Temple (1/1) D:4

Altars:
Ashenzari
Cheibriados
Dithmenos
Elyvilon
Fedhas
Gozag
Hepliaklqana
Makhleb
Nemelex Xobeh
Okawaru
Qazlal
Ru
Sif Muna
Trog
Vehumet
Wu Jian
Xom
Yredelemnul
Zin
The Shining One


Innate Abilities, Weirdness & Mutations

You can breathe blasts of scalding, opaque steam.
Your pale cyan-grey scales are hard. (AC +7)
You cannot fit into any form of body armour.
You are cold-blooded and may be slowed by cold attacks.


Message History

Training target 5.0 for Fighting reached!
Your Fighting skill increases to level 5!
You feel sick.
You hit the hungry ghost.
The hungry ghost convulses.
The hungry ghost is moderately damaged.
The hungry ghost hits you.
You are feeling very hungry.
The hungry ghost hits you.
You are near starving!
You closely miss the hungry ghost.
The hungry ghost is moderately damaged.
You feel sick. The hungry ghost closely misses you.
Your magical contamination has completely faded away.
You feel sick.
You feel sick.
You feel sick.
There is a stone staircase leading up here.
You block the hungry ghost's attack.
The cyclops throws a large rock.
The large rock hits you!!
You die...

................#
........).......#
#..####.........#
...##...........#
................#
#...........##..##
.................#
###'#####........##
........#####...@.##
........# ###.W..#
........# ##...#
........##### ##..#
........รท...## #..#
........###).## ##.#
........# ##..# #C#
........# ##.# #.##
........# #.# #..#


You could see a cyclops and a hungry ghost.

Vanquished Creatures
  A hippogriff (D:6)
  Sigmund (D:4)
  A yak (D:7)
  A hungry ghost (D:7)
  Eustachio (D:4)
  Menkaure (D:4)
  A soldier ant (D:7)
  Edmund (D:4)
  An orc warrior (D:7)
  A phantom (D:4)
  A sky beast (D:5)
  4 ogres
  3 bullfrogs
  2 scorpions (D:5)
  A water moccasin skeleton (D:6)
  3 howler monkeys
  2 crimson imps
  2 bullfrog zombies (D:6)
  2 hounds
  8 orc priests
  An iguana (D:5)
  2 orc wizards
  3 worker ants (D:4)
  A killer bee zombie (D:6)
  2 hound skeletons
  A howler monkey zombie (D:6)
  5 adders
  A shadow imp (D:5)
  3 oozes
  2 adder zombies (D:6)
  An adder skeleton (D:5)
  3 dart slugs
  3 leopard geckos
  28 orcs
  A ball python (D:2)
  9 bats
  4 giant cockroaches
  4 goblins
  7 hobgoblins
  3 jackals (D:2)
  A quokka (D:3)
  A ball python zombie (D:6)
  6 frilled lizards
  A jackal skeleton (D:6)
  7 kobolds
  A quokka skeleton (D:5)
  2 rats
141 creatures vanquished.

Notes
Turn   | Place    | Note
-------+----------+-------------------------------------------
     0 | D:1      | GordonOverkill the Draconian Fire Elementalist began the
                  | quest for the Orb.
     0 | D:1      | Reached XP level 1. HP: 14/14 MP: 3/3
   307 | D:1      | Reached XP level 2. HP: 20/20 MP: 1/5
  1277 | D:2      | Found a faded altar of an unknown god.
  1363 | D:2      | Reached XP level 3. HP: 26/26 MP: 4/6
  2199 | D:3      | Reached XP level 4. HP: 33/33 MP: 1/8
  2830 | D:3      | Learned a level 3 spell: Conjure Flame
  2835 | D:3      | Learned a level 4 spell: Sticky Flame
  2970 | D:3      | Reached XP level 5. HP: 28/38 MP: 0/9
  4298 | D:4      | Noticed Menkaure
  4299 | D:4      | Noticed Eustachio
  4304 | D:4      | Killed Menkaure
  4304 | D:4      | Reached skill level 1 in Shields
  4304 | D:4      | Reached XP level 6. HP: 45/45 MP: 4/12
  4308 | D:4      | Killed Eustachio
  4432 | D:4      | Found a staircase to the Ecumenical Temple.
  4447 | D:4      | Your scales start taking on a pale cyan-grey colour.
  4447 | D:4      | Reached XP level 7. HP: 41/50 MP: 4/13
  4558 | Temple   | Entered the Ecumenical Temple
  4704 | Temple   | Became a worshipper of Sif Muna the Loreminder
  4919 | D:4      | Noticed Sigmund
  4929 | D:4      | Killed Sigmund
  5339 | D:4      | Reached skill level 5 in Fire Magic
  5396 | D:4      | Noticed Edmund
  5407 | D:4      | Killed Edmund
  5407 | D:4      | Reached skill level 5 in Spellcasting
  5558 | D:5      | Entered Level 5 of the Dungeon
  5594 | D:5      | Reached skill level 5 in Shields
  5594 | D:5      | Reached XP level 8. HP: 53/57 MP: 6/15
  5706 | D:5      | Reached skill level 1 in Invocations
  6177 | D:5      | Found a shadowy altar of Dithmenos.
  6409 | D:5      | Reached * piety under Sif Muna
  6776 | D:5      | Reached skill level 1 in Fighting
  7405 | D:6      | Noticed a hippogriff
  7416 | D:6      | Killed a hippogriff
  7416 | D:6      | Reached skill level 5 in Conjurations
  7416 | D:6      | Reached XP level 9. HP: 68/68 MP: 3/16
  7574 | D:6      | Found a sparkling altar of Nemelex Xobeh.
  8499 | D:7      | Noticed a cyclops
  8533 | D:7      | Reached skill level 5 in Fighting
  8547 | D:7      | Hit by a large rock thrown by a cyclops

Levels and vault maps discovered:
D:1:      roderic_dead_forest, layout_basic
D:2:      layout_basic, chequers_ecumenical_altar_simple_redux
D:3:      layout_basic, serial_rivers, chequers_serial_rivers_large_a,
          chequers_serial_rivers_room_a, chequers_serial_rivers_small_b,
          chequers_serial_rivers_marsh, chequers_serial_rivers_room_a,
          chequers_serial_rivers_micro_a, kennysheep_generic_room_9
D:4:      layout_basic, minmay_temple_entry_wispy, uniq_sigmund, uniq_edmund,
          uniq_eustachio, uniq_menkaure
D:5:      layout_basic, grunt_dithmenos_smoke_and_mirrors, first_ration
D:6:      layout_basic, nemelex_xobeh_ov_fountains_minmay, serial_undead,
          serial_undead_a, serial_undead_b, serial_undead_f, serial_undead_c,
          minmay_misc_feat_x
D:7:      minmay_the_grid_plus_closed [minmay_the_grid_large_cup,
          minmay_the_grid_empty, minmay_the_grid_rooms,
          minmay_the_grid_outer_circle, minmay_the_grid_prize_inner_circle],
          layout_cave_pools, kiku_gazebo_garden_becter
Temple:   compressed_dpeg_circular_temple

Skill      XL: |  1  2  3  4  5  6  7  8  9 |
---------------+----------------------------+-----
Dodging        | 2 |  2.0
Stealth        | 2 |  2.0
Conjurations   | 2 3 4 5 |  5.6
Spellcasting   | 3 4 5 |  5.5
Fire Magic     | 4 5 6 |  6.6
Shields        | 1 4 5 6 |  6.0
Invocations    | 4 |  4.9
Fighting       | 2 5 |  5.0

Action                   |  1- 3 |  4- 6 |  7- 9 || total
-------------------------+-------+-------+-------++-------
Melee: Dagger            |       |     8 |       ||     8
       Whip              |       |     9 |    20 ||    29
       Tailslap          |       |     3 |     5 ||     8
       Flail             |       |       |    57 ||    57
Throw: Stone             |    44 |    18 |       ||    62
       Boomerang         |       |    17 |    71 ||    88
 Cast: Flame Tongue      |    58 |    87 |    94 ||   239
       Sticky Flame      |       |     3 |    29 ||    32
  Use: Scroll            |       |       |    13 ||    13
       Potion            |       |       |     1 ||     1
  Eat: Chunk             |     4 |     8 |    16 ||    28
       Ration            |       |       |     1 ||     1
Armor: Skin              |     4 |    18 |    33 ||    55
Dodge: Dodged            |    17 |    46 |    67 ||   130
Block: Buckler           |       |     5 |    55 ||    60

Table legend:
 A = Non-vault XP
 B = Vault XP
 C = Vault XP percentage of total XP
 D = Non-vault monster count
 E = Vault monster count
 F = Vault count percentage of total count
                 A         B        C        D         E       F
            +---------+---------+-------+---------+---------+-------
      Total |    2726 |    1534 |  36.0 |     121 |      20 |  14.2
            +---------+---------+-------+---------+---------+-------
        D:1 |      32 |       0 |   0.0 |      15 |       0 |   0.0
        D:2 |      25 |       0 |   0.0 |      13 |       0 |   0.0
        D:3 |     246 |       3 |   1.2 |      41 |       2 |   4.7
        D:4 |     375 |     744 |  66.5 |      16 |       4 |  20.0
        D:5 |     580 |       0 |   0.0 |      17 |       0 |   0.0
        D:6 |     948 |     230 |  19.5 |      14 |       9 |  39.1
        D:7 |     520 |     557 |  51.7 |       5 |       5 |  50.0
            +---------+---------+-------+---------+---------+-------
